 Dungeon Crawl Stone Soup version 0.31-a0-473-g61b50ae490 (webtiles) character file.

Game seed: 16805965003933934490

78 LeprechaunX the Ruffian (level 4, 0/43 HPs)
             Began as an Octopode Shapeshifter on Aug 7, 2023.
             Succumbed to Sigmund's poison
             ... on level 2 of the Dungeon.
             The game lasted 00:01:42 (901 turns).

LeprechaunX the Ruffian (Octopode Shapeshifter)      Turns: 901, Time: 00:01:43

Health: 0/43       AC: 22    Str: 16    XL:     4   Next: 36%
Magic:  4/4        EV:  2    Int: 10    God:
Gold:   118        SH:  3    Dex: 12    Spells: 3/3 levels left

rFire   . .          .
                       - Unarmed
rCold   . . .        e - +0 buckler
rNeg    . . .        (helmet currently unavailable)
rPois   +            (no amulet)
rElec   .            (no ring)
rCorr   .            (no ring)
SInv    .            (no ring)
Will    .....        (no ring)
Stlth   +            (no ring)
HPRegen 0.27/turn    (no ring)
MPRegen 0.09/turn    (no ring)
                     (no ring)

%: no passive effects
@: lethally poisoned (0 -> -4), tree-form
A: stationary, stasis, torment immunity, boosted hp, almost no armour,
(amphibious), 8 rings, (camouflage 1), (gelatinous body 1), (nimble swimmer 1),
(tentacles)
a: no special abilities


You were on level 2 of the Dungeon.
You were a tree.
You visited 1 branch of the dungeon, and saw 2 of its levels.

You collected 118 gold pieces.

Inventory:

Armour
 e - a +0 buckler (worn)
Talismans
 b - a beast talisman
Scrolls
 c - a scroll of poison {unknown}
 d - a scroll of revelation {unknown}
 g - a scroll of butterflies {unknown}
 h - a scroll of identify {unknown}
Potions
 f - a potion of attraction {unknown}


   Skills:
 + Level 2.1 Fighting
 + Level 2.8 Dodging
 + Level 0.0 Shields
 + Level 3.5 Unarmed Combat
 + Level 3.4 Shapeshifting


You had 3 spell levels left.
You didn't know any spells.
Your spell library contained the following spells:

 Spells                   Type           Power      Damage    Failure   Level
 Summon Small Mammal      Summ           0%         N/A       45%         1
 Call Canine Familiar     Summ           0%         N/A       83%         3
 Gell's Gravitas          Tloc           0%         N/A       83%         3
 Summon Guardian Golem    Hex/Summ       0%         N/A       83%         3
 Teleport Other           Tloc           0%         N/A       83%         3
 Dispersal                Tloc           0%         N/A       100%        6


Dungeon Overview and Level Annotations

Branches:
Dungeon (2/15)

Altars:

Annotations:
D:2 Sigmund


Innate Abilities, Weirdness & Mutations

You are a tree.
Your roots penetrate the ground, keeping you stationary.
You cannot be teleported.
You are immune to unholy pain and torment.
Your maximum health is greatly increased.
You cannot wear most types of armour.
((You are amphibious.))
You can wear up to eight rings at the same time.
((Your skin changes colour to match your surroundings (Stealth+).))
((Your rubbery body absorbs attacks. (AC +1, EV +1)))
((You are camouflaged when in or above water. (Stealth+)))
((You have tentacles for arms and can constrict up to eight enemies at once.))


Message History

There is a stone staircase leading up here.
Found a stone staircase leading up.
h - a scroll labelled OSOMAA ULAJ Sigmund the Dreaded comes into view.
He is wielding a +4 scythe of venom.
Sigmund shouts!
Sigmund is nearby!
Sigmund says, "Now you see me, now you don't..."
Sigmund screams, "Die, monster!"
Sigmund hits you with a +4 scythe of venom!
You are poisoned.
Really quaff the potion of lignification?
Your transformation has ended.
You turn into a tree.
Your roots penetrate the ground.
You feel sick.
You closely miss Sigmund.
You feel sick.
Sigmund hits you with a +4 scythe of venom.
You closely miss Sigmund.
You feel sick. Sigmund gestures at you while chanting.
The magic dart hits you but does no damage.
You barely miss Sigmund.
You feel sick.
Sigmund hits you with a +4 scythe of venom.
* * * LOW HITPOINT WARNING * * *
You are lethally poisoned!
You closely miss Sigmund.
* * * LOW HITPOINT WARNING * * *
You feel very sick.
You smack Sigmund!
Sigmund is heavily wounded.
* * * LOW HITPOINT WARNING * * *
You feel sick. You block Sigmund's attack.
You closely miss Sigmund.
Sigmund is heavily wounded.
* * * LOW HITPOINT WARNING * * *
You feel sick. Sigmund barely misses you.
You barely miss Sigmund.
Sigmund is heavily wounded.
* * * LOW HITPOINT WARNING * * *
You feel sick.
You hit Sigmund but do no damage.
Sigmund is heavily wounded.
You die...

#.##. #.. .##..#.
#.# .......##.#
#.......#
#.......#####.#
#......<......#
#.......######
#.#.......@....#
....
#.......##♣....#
...
...............#
..
#######.##.....#
# # # .#
#####..<#.....#
$#.§# .#
###........######
#.#. .#
#..........# #..
.## #.#.#..#.#.#
#.# ..#
#.#.#..###.# ###
#.# ..#
#.#..÷...#.#
##.## #.#


You could see Sigmund.

Vanquished Creatures
  Natasha (D:2)
  An adder (D:2)
  A worm (D:2)
  A dart slug (D:1)
  3 ball pythons (D:1)
  A bat (D:1)
  3 endoplasms (D:1)
  A giant cockroach (D:2)
  2 goblins (D:1)
  7 hobgoblins
  6 jackals (D:1)
  A quokka (D:1)
  5 frilled lizards
  2 rats (D:1)
35 creatures vanquished.

Notes
Turn   | Place    | Note
-------+----------+-------------------------------------------
     0 | D:1      | LeprechaunX the Octopode Shapeshifter began the quest for
                  | the Orb.
     0 | D:1      | Reached XP level 1. HP: 13/13 MP: 1/1
    28 | D:1      | You fall into a shaft and drop 1 floor!
    56 | D:2      | Reached XP level 2. HP: 15/18 MP: 2/2
   134 | D:2      | Noticed Natasha
   139 | D:2      | Killed Natasha
   140 | D:2      | Reached XP level 3. HP: 10/24 MP: 3/3
   365 | D:1      | Reached XP level 4. HP: 29/29 MP: 4/4
   880 | D:2      | Noticed Sigmund
   899 | D:2      | HP: 1/43 [poisoned by Sigmund]
   901 | D:2      | Succumbed to Sigmund's poison

Illustrated notes

Levels and vault maps discovered:
D:1:      wheals_arrival_shading, layout_basic
D:2:      layout_loops_cross, uniq_sigmund, uniq_natasha, uniq_jessica

Skill      XL: |  1  2  3 |
---------------+----------+-----
Fighting       | 2 |  2.1
Dodging        | |  2.8
Unarmed Combat | |  3.5
Shapeshifting  | |  3.4

Action                     |  1- 3 |  4- 6 || total
---------------------------+-------+-------++-------
  Melee: Unarmed           |    40 |    34 ||    74
         Tentacles         |     7 |     3 ||    10
         Constrict         |     9 |     7 ||    16
         Punch             |     4 |       ||     4
    Use: Potion            |       |     1 ||     1
   Stab: Sleeping          |     2 |       ||     2
 Armour: Skin              |     2 |     3 ||     5
  Dodge: Dodged            |    15 |    18 ||    33
  Block: Buckler           |       |     1 ||     1

Table legend: (Time is in decaauts)
 A = Elapsed time spent in this place.
 B = Non-inter-level travel time spent in this place.
 C = Inter-level travel time spent in this place.
 D = Time resting spent in this place.
 E = Time spent auto-exploring this place.
 F = Levels seen in this place.
 G = Mean time per level.
                   A        B        C        D        E       F      G
               +--------+--------+--------+--------+--------+-----+--------+
         Total |    896 |    861 |     35 |      0 |    637 |   2 |  448.0 |
       Dungeon |    896 |    861 |     35 |      0 |    637 |   2 |  448.0 |
               +--------+--------+--------+--------+--------+-----+--------+

Top non-repeatable levels by time:
     D:1: 725 daAuts
     D:2: 171 daAuts
